 Dungeon Crawl Stone Soup version 0.32-a0-640-gc5db3fc80f (webtiles) character file.

Game seed: 1248033424876017451

25832 inmateoo the Cleaver (level 13, 0/156 HPs)
             Began as a Coglin Berserker on Mar 8, 2024.
             Was a High Priest of Trog.
             Slain by a demonic crawler (3 damage)
             ... on level 11 of the Dungeon.
             The game lasted 00:13:50 (13901 turns).

inmateoo the Cleaver (Coglin Berserker)            Turns: 13901, Time: 00:13:51

Health: 0/156      AC: 19    Str: 23    XL:     13   Next: 22%
Magic:  13/13      EV: 14    Int:  7    God:    Trog [*****.]
Gold:   243        SH:  0    Dex: 13    Spells: 12/12 levels left

rFire   + + +        p - +0 war axe {Haruki}
rCold   . . .        m - +3 dagger (elec) {Fernando}
rNeg    . . .        z - +4 scale mail of Absence {rElec rF+}
rPois   .            e - +2 helmet
rElec   +            (no cloak)
rCorr   .            q - +1 pair of gloves
SInv    .            a - +0 pair of boots of the Cricket {rF++}
Will    .....        (amulet unavailable) Stlth
                     (ring unavailable)
HPRegen 0.46/turn    (ring unavailable)
MPRegen 0.13/turn    (no gizmo)

%: no passive effects
@: berserking, revved, very quick
A: off-hand wielding, slow wielding, warmup strikes, no jewellery
a: Invent Gizmo, Renounce Religion, Berserk, Trog's Hand, Brothers in Arms


You were on level 11 of the Dungeon.
You worshipped Trog.
Trog was extremely pleased with you.
You visited 1 branch of the dungeon, and saw 11 of its levels.
You also visited: Sewer.

You collected 927 gold pieces.
You spent 684 gold pieces at shops.

Inventory:

Hand Weapons
 m - a +3 dagger of electrocution (offhand) {Fernando}
 p - a +0 war axe (weapon) {Haruki}
Missiles
 i - 5 throwing nets (quivered)
Armour
 a - the +0 pair of boots of the Cricket (worn) {rF++}
   (You found it on level 8 of the Dungeon)

   rF++:      It greatly protects you from fire.
 e - a +2 helmet (worn)
 f - the -2 pair of boots of the Loofah {rPois MP+9 Str-2 Stlth+}
   (You acquired it on level 2 of the Dungeon)

   Str-2:     It affects your strength (-2).
   rPois:     It protects you from poison.
   MP+9:      It affects your magic capacity (+9).
   Stlth+:    It makes you more stealthy.
 q - a +1 pair of gloves (worn)
 z - the +4 scale mail of Absence (worn) {rElec rF+}
   (You bought it in a shop on level 10 of the Dungeon)

   rF+:       It protects you from fire.
   rElec:     It insulates you from electricity.
Wands
 b - a wand of iceblast (13)
 w - a wand of flame (36)
 y - a wand of charming (3)
 D - a wand of digging (8)
Scrolls
 d - 5 scrolls of teleportation
 n - a scroll of blinking
 r - 2 scrolls of enchant weapon
 B - a scroll of fog
 C - 3 scrolls of identify
Potions
 c - 5 potions of enlightenment
 h - 2 potions of cancellation
 j - 3 potions of haste
 k - 4 potions of heal wounds
 l - 2 potions of brilliance
 o - 4 potions of curing
 s - 2 potions of magic
 t - a potion of berserk rage
 u - 4 potions of mutation
 v - 2 potions of might
 A - a potion of invisibility {unknown}
Miscellaneous
 g - a phantom mirror
 x - a phial of floods


   Skills:
 + Level 10.5 Fighting
 * Level 14.2 Axes
 + Level 9.4 Armour
 + Level 9.4 Dodging


You had 12 spell levels left.
You didn't know any spells.
Your spell library was empty.

Dungeon Overview and Level Annotations

Branches:
Dungeon (11/15)            Temple (0/1) D:6             Orc (0/2) D:10
  Sewer (visited)
   Lair: D:8-11

Altars:
Ashenzari
Gozag
Hepliaklqana
Kikubaaqudgha
Makhleb
Nemelex Xobeh
Okawaru
Trog
Vehumet
Wu Jian
Zin
The Shining One

Shops:
D:3 [   D:10 [(

Portals:
Trove: D:11 (give 16 scrolls of teleportation)


Innate Abilities, Weirdness & Mutations

You can wield a second weapon in your off-hand.
It takes a long time for you to wield or remove held weapons.
Your first few attacks do less damage.
You cannot equip rings or amulets.


Message History

The demonic crawler hits you.
* * * LOW HITPOINT WARNING * * *
The demonic crawler completely misses you.
You closely miss the demonic crawler with your +3 dagger of electrocution.
The demonic crawler is lightly wounded.
You slice the demonic crawler with your +0 war axe!!
The demonic crawler barely misses you. The demonic crawler hits you.
* * * LOW HITPOINT WARNING * * *
The demonic crawler hits you!
* * * LOW HITPOINT WARNING * * *
You hit the demonic crawler with your +0 war axe.
The demonic crawler is heavily wounded.
You barely miss the demonic crawler with your +3 dagger of electrocution.
You barely miss the demonic crawler with your +3 dagger of electrocution.
The demonic crawler is heavily wounded.
You hit the demonic crawler with your +0 war axe.
The demonic crawler hits you but does no damage.
The demonic crawler completely misses you.
The demonic crawler hits you but does no damage.
You hit the demonic crawler but do no damage.
The demonic crawler is heavily wounded.
You slice the demonic crawler with your +0 war axe!!
The demonic crawler hits you but does no damage.
The demonic crawler hits you.
* * * LOW HITPOINT WARNING * * *
The demonic crawler hits you but does no damage.
You barely miss the demonic crawler with your +3 dagger of electrocution.
The demonic crawler is almost dead.
You hit the demonic crawler with your +0 war axe.
The demonic crawler hits you but does no damage.
The demonic crawler misses you.
The demonic crawler hits you but does no damage.
You slash the demonic crawler with your +0 war axe!
The demonic crawler is almost dead.
You hit the demonic crawler but do no damage.
The demonic crawler hits you but does no damage.
The demonic crawler hits you.
* * * LOW HITPOINT WARNING * * *
The demonic crawler hits you.
You die...

.......###
^.........
..........
..........
..........
..........
##+####... ###+####
(#..#.# . #.#..#.#.#
.##...# #†##.@.#.#
.#.)#.# #.#†[#s#.#
.)÷##.# #.†.##s#.#
.#.÷#)# #.#†.#[#.##
###'### ####'###..
##.).#######.##..#.#
##.......÷)#.###...#
##......<#.#.# ###.#
#)..######.#.#####.#


You could see a demonic crawler and a scorpion.

Vanquished Creatures
  2 minotaurs (D:11)
  Harold (D:9)
  Fannar (D:10)
  A centaur warrior (D:8)
  4 two-headed ogres
  A death yak (D:11)
  A boulder beetle (D:10)
  A demonic crawler (D:11)
  An arcanist (D:8)
  A deep elf pyromancer (D:8)
  A cyclops (D:11)
  A kobold demonologist (D:9)
  3 komodo dragons
  2 unseen horrors (D:11)
  8 yaktaurs (D:11)
  3 trolls
  5 slime creatures
  2 wraiths
  2 fire bats (D:11)
  2 vampires
  3 wyverns
  14 yaks
  3 steam dragons
  2 vampire mosquitoes (D:10)
  2 acid dragons
  3 water moccasins
  4 orc warriors
  2 black bears (D:8)
  5 sky beasts
  9 centaurs
  3 ogres
  A phantom (D:7)
  7 kobold brigands
  5 bullfrogs
  A gnoll sergeant (D:4)
  9 scorpions
  4 wights (D:8)
  3 killer bees (D:9)
  5 howler monkeys
  2 vampire bats (D:11)
  6 jellies
  2 hounds (D:5)
  2 bombardier beetles
  2 gnoll boudas (D:7)
  5 orc priests
  A sleepcap (D:7)
  3 iguanas
  10 orc wizards
  2 hell rats (D:11)
  Robin (D:2)
  9 adders
  22 gnolls
  5 river rats
  3 white imps
  5 ribbon worms
  4 dart slugs
  24 orcs
  7 ball pythons
  11 bats
  16 endoplasms
  15 giant cockroaches
  9 goblins
  12 hobgoblins
  8 jackals
  14 kobolds
  10 quokkas
  4 frilled lizards
  16 rats
  A spectral orc (D:7)
359 creatures vanquished.

Vanquished Creatures (collateral kills)
  3 death yaks (D:11)
  A yaktaur (D:11)
  3 yaks (D:11)
  An electric eel (D:11)
8 creatures vanquished.

Vanquished Creatures (others)
  An orc (D:10)
  3 kobolds (D:10)
4 creatures vanquished.

Grand Total: 371 creatures vanquished

Notes
Turn   | Place    | Note
-------+----------+-------------------------------------------
     0 | D:1      | inmateoo the Coglin Berserker began the quest for the Orb.
     0 | D:1      | Reached XP level 1. HP: 18/18 MP: 1/1
    75 | D:1      | Reached XP level 2. HP: 24/24 MP: 2/2
   417 | D:1      | Reached XP level 3. HP: 27/29 MP: 3/3
   889 | D:2      | Noticed Robin
   898 | D:2      | Killed Robin
  1006 | D:2      | Reached ** piety under Trog
  1018 | D:2      | Reached XP level 4. HP: 31/35 MP: 4/4
  1043 | D:2      | Found a sparkling altar of Nemelex Xobeh.
  1050 | D:2      | Reached skill level 4 in Axes
  1662 | D:2      | Identified a scroll of acquirement
  1662 | D:2      | Acquired the -2 pair of boots of the Loofah {rPois MP+9
                  | Str-2 Stlth+}
  1723 | D:3      | Found Mecsoare's Armour Shoppe.
  1767 | D:3      | Identified the +0 pair of boots "Seduvorch" {Str+3 Dex+2}
  1826 | D:3      | Reached XP level 5. HP: 41/41 MP: 5/5
  2316 | D:4      | Found a glowing silver altar of Zin.
  2587 | D:4      | Noticed an ogre
  2593 | D:4      | Killed an ogre
  2594 | D:4      | Reached XP level 6. HP: 48/48 MP: 6/6
  2733 | D:4      | Found an iron altar of Okawaru.
  2733 | D:4      | Found a runed translucent door.
  2741 | D:4      | Found the +0 toga "Victory" {*Victory Clar}
  2869 | D:4      | You fall into a shaft and drop 1 floor!
  2869 | D:5      | Entered Level 5 of the Dungeon
  2899 | D:5      | Reached skill level 5 in Axes
  3015 | D:5      | Reached XP level 7. HP: 54/54 MP: 7/7
  3031 | D:5      | Reached *** piety under Trog
  3297 | D:5      | Found an opulent altar of Gozag.
  3585 | D:5      | Reached skill level 6 in Axes
  3777 | D:4      | Reached XP level 8. HP: 47/61 MP: 8/8
  3982 | D:4      | Reached skill level 5 in Fighting
  4181 | D:3      | Bought a +0 pair of gloves for 54 gold pieces
  4303 | D:6      | Reached skill level 7 in Axes
  4418 | D:6      | Found a bloodstained altar of Trog.
  4493 | D:6      | Reached XP level 9. HP: 21/69 MP: 9/9
  4604 | D:6      | Found a glowing drain.
  4605 | D:6      | Reached **** piety under Trog
  4613 | Sewer    | Entered a sewer
  4644 | Sewer    | Reached skill level 5 in Armour
  4660 | Sewer    | Reached skill level 5 in Dodging
  4816 | Sewer    | Reached skill level 8 in Axes
  5794 | D:6      | Found a staircase to the Ecumenical Temple.
  6060 | D:7      | Noticed a troll
  6064 | D:7      | Killed a troll
  6104 | D:7      | Found an ancient bone altar of Kikubaaqudgha.
  6502 | D:7      | Reached skill level 9 in Axes
  6576 | D:7      | Reached XP level 10. HP: 65/77 MP: 10/10
  6745 | D:7      | Found a hazy altar of Hepliaklqana.
  7082 | D:8      | Identified the +0 pair of boots of the Cricket {rF++}
  7196 | D:8      | Reached ***** piety under Trog
  7215 | D:8      | Identified the +1 shortbow "Bimuirr" {heavy, Str+3 Int+5}
  7542 | D:8      | Noticed a two-headed ogre
  7554 | D:8      | Killed a two-headed ogre
  7555 | D:8      | Reached skill level 10 in Axes
  7856 | D:8      | Found an ornate altar of the Wu Jian Council.
  7972 | D:8      | Noticed a deep elf pyromancer
  7975 | D:8      | Noticed an arcanist
  7982 | D:8      | Killed a deep elf pyromancer
  7986 | D:8      | Killed an arcanist
  7988 | D:8      | Noticed a centaur warrior
  7990 | D:8      | Reached XP level 11. HP: 73/86 MP: 11/11
  7998 | D:8      | Killed a centaur warrior
  7999 | D:8      | Reached skill level 11 in Axes
  8630 | D:9      | Found a broken altar of Ashenzari.
  8717 | D:9      | HP: 2/130 [something (5)]
  9159 | D:9      | Noticed Harold
  9173 | D:9      | Killed Harold
  9338 | D:10     | Entered Level 10 of the Dungeon
  9376 | D:10     | Found a burning altar of Makhleb.
  9376 | D:10     | Noticed a balrug
  9507 | D:10     | Found a glowing golden altar of the Shining One.
  9532 | D:10     | Found Ykhyos's Armour Shop.
  9533 | D:10     | Found a staircase to the Orcish Mines.
  9534 | D:10     | Noticed Fannar
  9536 | D:10     | Found Inol's Weapon Shop.
  9547 | D:10     | Killed Fannar
  9552 | D:10     | Reached skill level 12 in Axes
  9670 | D:10     | Bought the +4 scale mail of Absence {rElec rF+} for 630
                  | gold pieces
 10278 | D:10     | Noticed a boulder beetle
 10289 | D:10     | Killed a boulder beetle
 10290 | D:10     | Reached XP level 12. HP: 95/95 MP: 12/12
 10430 | D:10     | Found a radiant altar of Vehumet.
 10521 | D:10     | Noticed a two-headed ogre
 10532 | D:10     | Killed a two-headed ogre
 11140 | D:11     | Noticed a death yak
 11670 | D:11     | Received a gift from Trog
 11719 | D:11     | Noticed a two-headed ogre
 11725 | D:11     | HP: 3/94 [two-headed ogre/+0 giant club (7)]
 11726 | D:11     | Killed a two-headed ogre
 12161 | D:11     | Reached skill level 13 in Axes
 12736 | D:11     | Noticed a two-headed ogre
 12745 | D:11     | Killed a two-headed ogre
 13293 | D:11     | Found a portal to a secret trove of treasure.
 13484 | D:11     | Noticed a death yak
 13490 | D:11     | Noticed a minotaur
 13492 | D:11     | Reached skill level 10 in Fighting
 13493 | D:11     | Noticed a minotaur
 13495 | D:11     | Killed a death yak
 13498 | D:11     | Noticed a death yak
 13499 | D:11     | Killed a death yak
 13503 | D:11     | Killed a minotaur
 13504 | D:11     | Reached XP level 13. HP: 87/103 MP: 13/13
 13511 | D:11     | Reached skill level 14 in Axes
 13517 | D:11     | Killed a minotaur
 13899 | D:11     | HP: 7/156 [demonic crawler (6)]
 13901 | D:11     | HP: 3/156 [demonic crawler (5)]
 13901 | D:11     | Slain by a demonic crawler

Illustrated notes

Levels and vault maps discovered:
D:1:      matt_arrival_debris, layout_loops_corners, minmay_worlds_worst_comb
D:2:      wad_woods_stonehenge, layout_basic, minmay_misc_feat_x,
          minmay_surrounded, uniq_robin
D:3:      layout_loops_cross, serial_shops, shop
D:4:      layout_rooms, mainiacjoe_overflow_cross_hatched,
          nicolae_overflow_guarded_unrand_okawaru_victory,
          minmay_misc_feat_more_columns, skrybe_limestone_x
D:5:      layout_loops_ring, grunt_gozag_statues
D:6:      layout_basic, trog_three_pillars_becter, minmay_temple_entry_arrows,
          gup_sewer_entry_bubbles
D:7:      kb_forest_paths, layout_loops_cross,
          nicolae_hepliaklqana_monster_ancestors, amcnicky_altar_gilded
D:8:      minmay_blocky_corners, layout_rooms, nicolae_wu_jian_wuxing_cycle,
          nicolae_zig_zag_zippers
D:9:      layout_gridville, nicolae_ashenzari_panopticon, hangedman_misty_isle,
          uniq_harold
D:10:     layout_loops_cross, makhleb_altar_promises_db,
          mainiacjoe_overflow_catch_the_wave, orc_david_3,
          minmay_increasing_density, uniq_fannar
D:11:     fort_yaktaur, layout_basic, lair_entry_dummy, trove_entry_hex_spiral,
          hangedman_parallel_progression

Skill      XL: |  1  2  3  4  5  6  7  8  9 10 11 12 13 |
---------------+----------------------------------------+-----
Armour         | 2 3 4 5 7 8 9 |  9.4
Dodging        | 2 3 4 5 7 8 9 |  9.4
Axes           | 4 5 6 7 9 10 12 13 14 | 14.2
Fighting       | 4 5 6 8 9 10 | 10.5

Action                     |  1- 3 |  4- 6 |  7- 9 | 10-12 | 13-15 || total
---------------------------+-------+-------+-------+-------+-------++-------
  Melee: Hand axe          |    67 |   120 |   209 |       |       ||   396
         Dagger            |    52 |   113 |   252 |   416 |    62 ||   895
         War axe           |       |       |    35 |   418 |    61 ||   514
 Invoke: Berserk           |     1 |     3 |     4 |    12 |     1 ||    21
         Trog's Hand       |       |       |     1 |     1 |       ||     2
         Brothers in Arms  |       |       |       |     2 |       ||     2
    Use: Scroll            |       |     5 |    10 |     9 |       ||    24
         Potion            |       |       |       |     2 |       ||     2
   Stab: Sleeping          |     4 |     3 |       |       |       ||     7
 Armour: Animal skin       |    35 |    94 |       |       |       ||   129
         Ring mail         |       |     2 |   217 |   229 |       ||   448
         Scale mail        |       |       |       |   222 |    80 ||   302
  Dodge: Dodged            |    53 |    97 |   172 |   309 |    53 ||   684

Table legend: (Time is in decaauts)
 A = Elapsed time spent in this place.
 B = Non-inter-level travel time spent in this place.
 C = Inter-level travel time spent in this place.
 D = Time resting spent in this place.
 E = Time spent auto-exploring this place.
 F = Levels seen in this place.
 G = Mean time per level.
                   A        B        C        D        E       F      G
               +--------+--------+--------+--------+--------+-----+--------+
         Total |  14209 |  13838 |    371 |   5324 |   5791 |  12 | 1184.1 |
       Dungeon |  13213 |  12842 |    371 |   5007 |   5410 |  11 | 1201.2 |
         Sewer |    995 |    995 |      0 |    317 |    381 |   1 |  995.0 |
               +--------+--------+--------+--------+--------+-----+--------+

Top non-repeatable levels by time:
    D:11: 2518 daAuts
    D:10: 2039 daAuts
     D:8: 1249 daAuts
     D:4: 1078 daAuts
     D:9: 1065 daAuts
     D:6: 1038 daAuts
     D:7: 1016 daAuts
   Sewer: 995 daAuts
     D:1: 879 daAuts
     D:2: 875 daAuts
     D:5: 841 daAuts
     D:3: 612 daAuts
